 Dungeon Crawl Stone Soup version 0.30-a0-996-ga6910c8ee8 (webtiles) character file.

Game seed: 7878064598379917373

173 qeuew the Conjurer (level 5, -5/39 HPs)
             Began as a Demonspawn Reaver on Apr 4, 2023.
             Was an Initiate of Vehumet.
             Slain by an ogre
             ... wielding a +0 giant club
              (33 damage)
             ... on level 4 of the Dungeon.
             The game lasted 00:05:49 (3092 turns).

qeuew the Conjurer (Demonspawn Reaver)              Turns: 3092, Time: 00:05:50

Health: -5/39      AC:  4    Str: 15    XL:     5   Next: 28%
Magic:  9/9        EV: 12    Int: 16    God:    Vehumet [......]
Gold:   263        SH:  0    Dex: 11    Spells: 7/9 levels left

rFire   . . .      SeeInvis .    a - +1 hand axe (venom)
rCold   . . .      Faith    .    (no shield)
rNeg    . . .      Spirit   .    b - +1 leather armour
rPois   .          Reflect  .    (no helmet)
rElec   .          Rampage  .    (no cloak)
rCorr   .                        (no gloves)
Will    .....                    (no boots)
Stlth   +                        (no amulet)
HPRegen 0.26/turn                (no ring)
MPRegen 0.11/turn                (no ring)

@: mighty
A: claws 2, big brain 1, high MP 1
a: Renounce Religion


You were on level 4 of the Dungeon.
You worshipped Vehumet.
Vehumet was noncommittal.
You visited 1 branch of the dungeon, and saw 4 of its levels.

You collected 263 gold pieces.

Inventory:

Hand Weapons
 a - a +1 hand axe of venom (weapon)
Armour
 b - a +1 leather armour (worn)
Jewellery
 g - a ring of wizardry
Wands
 d - a wand of flame (4)
 h - a wand of charming (13)
Scrolls
 e - 2 scrolls of identify
Potions
 c - 2 potions of might
 f - 2 potions of curing
 i - a potion of haste {unknown}


   Skills:
 + Level 2.7 Fighting
 + Level 3.3 Axes
 - Level 1.4 Armour
 + Level 2.5 Dodging
 + Level 2.7 Spellcasting
 + Level 3.7 Conjurations
 + Level 0.3 Ice Magic


You had 7 spell levels left.
You knew the following spells:

 Your Spells              Type           Power      Damage    Failure   Level
a - Kiss of Death         Conj/Necr      32%        2d7       11%         1
b - Freeze                Ice            12%        1d3       22%         1

Your spell library contained the following spells:

 Spells                   Type           Power      Damage    Failure   Level
 Momentum Strike          Conj/Tloc      16%        3d8       17%         2
 Hailstorm                Conj/Ice       8%         3d4       30%         3
 Cigotuvi's Dreadful Rot  Necr/Pois/Air  4%         N/A       34%         2
 Poisonous Vapours        Pois/Air       4%         N/A       34%         2
 Mephitic Cloud           Conj/Pois/Air  6%         N/A       41%         3
 Frozen Ramparts          Ice            6%         1d1       54%         3


Dungeon Overview and Level Annotations

Branches:
Dungeon (4/15)
 Temple: D:4-7

Altars:
Vehumet

Shops:
D:3 *


Innate Abilities, Weirdness & Mutations

You have very sharp fingernails.
You have an unusually large brain. (Int +2)
You have an increased reservoir of magic. (+10% MP)


Message History

A goblin comes into view. It is wielding a +0 club.
There are monsters nearby!
You hit the goblin but do no damage.
The goblin is poisoned.
The goblin hits you but does no damage.
Okay, then.
Okay, then.
The ogre barely misses you. The goblin attacks as you move away!
The goblin hits you with a +0 club.
You kill the goblin!
Vehumet accepts your kill. The ogre attacks as you move away!
The ogre barely misses you.
The ogre hits you with a +0 giant club!!
Ouch! That really hurt!
* * * LOW HITPOINT WARNING * * *
The ogre attacks as you move away! The ogre hits you with a +0 giant club!
* * * LOW HITPOINT WARNING * * *
Unknown command.
Okay, then.
Okay, then.
Found a cloak.
A kobold comes into view. It is wielding a +0 short sword.
The kobold shouts!
A worm comes into view.
You feel very mighty all of a sudden.
You feel better. The kobold closely misses you.
You feel better.
The kobold hits you with a +0 short sword.
You barely miss the kobold. The kobold closely misses you.
The kobold hits you but does no damage.
You miss the kobold. The kobold closely misses you.
You barely miss the kobold. The kobold barely misses you.
You slash the kobold!
You kill the kobold!
Vehumet accepts your kill.
You barely miss the ogre. The ogre barely misses you.
You slash the ogre!
The ogre looks as sick as possible!
The ogre is heavily wounded.
The ogre hits you with a +0 giant club!!
Ouch! That really hurt!
You die...

# ..#.# #.# #.# #. #.#.#
#g# #.# #.###.#.# #.#
###.### .##w...r..# #.#
#.....# #.[....O###
#.####.....# ##w###..#
#...r......#
#...#..#####
######g....#
#.......w#########.....#
###..###ggrO@........###
#..# #############.#
....# ############g#
###.## #....g.g.r...# #
#.# #.############ #.
#.# #.# #.###.#####r#
#........##.#
#........##g#


You could see an ogre (extremely poisoned), a worm, a quokka and 2 goblins.

Vanquished Creatures
  A hound (D:4)
  A sleepcap (D:3)
  4 adders
  4 dart slugs
  An orc (D:4)
  5 endoplasms
  5 giant cockroaches
  3 goblins
  8 hobgoblins
  2 jackals (D:2)
  2 quokkas
  14 ball pythons
  11 bats
  5 frilled lizards
  5 kobolds
  2 rats
73 creatures vanquished.

Notes
Turn   | Place    | Note
-------+----------+-------------------------------------------
     0 | D:1      | qeuew the Demonspawn Reaver began the quest for the Orb.
     0 | D:1      | Reached XP level 1. HP: 16/16 MP: 3/3
   186 | D:1      | Gained mutation: You have an unusually large brain. (Int
                  | +2) [demonic ancestry]
   186 | D:1      | Reached XP level 2. HP: 20/22 MP: 5/5
   203 | D:1      | HP: 1/22 [quokka (3)]
   596 | D:1      | Gained mutation: You have hidden genetic potential. [potion
                  | of mutation]
   596 | D:1      | Lost mutation: You have hidden genetic potential. [potion
                  | of mutation]
   596 | D:1      | Gained mutation: You expend magic power (3 MP) to
                  | strengthen your wands. [potion of mutation]
   676 | D:2      | Gained mutation: You have sharp fingernails. [demonic
                  | ancestry]
   676 | D:2      | Reached XP level 3. HP: 19/27 MP: 6/6
  1150 | D:2      | Lost mutation: You expend magic power (3 MP) to strengthen
                  | your wands. [potion of mutation]
  1150 | D:2      | Gained mutation: You are weak. (Str -2) [potion of
                  | mutation]
  1150 | D:2      | Gained mutation: Your body sometimes deteriorates upon
                  | taking damage. [potion of mutation]
  1150 | D:2      | Gained mutation: You have large cloven feet. [potion of
                  | mutation]
  1297 | D:2      | Reached skill level 1 in Armour
  1613 | D:3      | Found Veuts's General Store.
  1622 | D:3      | Gained mutation: You have very sharp fingernails. [demonic
                  | ancestry]
  1622 | D:3      | Reached XP level 4. HP: 12/34 MP: 7/7
  2136 | D:3      | Found a radiant altar of Vehumet.
  2260 | D:3      | Became a worshipper of Vehumet
  2263 | D:3      | Learned a level 1 spell: Freeze
  2489 | D:3      | Lost mutation: You are weak. (Str -2) [potion of mutation]
  2489 | D:3      | Lost mutation: You have large cloven feet. [potion of
                  | mutation]
  2489 | D:3      | Lost mutation: Your body sometimes deteriorates upon taking
                  | damage. [potion of mutation]
  2489 | D:3      | Gained mutation: You have an increased reservoir of magic.
                  | (+10% MP) [potion of mutation]
  2548 | D:4      | Reached XP level 5. HP: 23/39 MP: 9/9
  2933 | D:4      | Found the +4 robe of Augmentation {Str+4 Int+4 Dex+4}
  3011 | D:4      | Noticed an ogre
  3023 | D:4      | HP: 1/39 [ogre/+0 giant club (7)]
  3092 | D:4      | Slain by an ogre

Illustrated notes

Levels and vault maps discovered:
D:1:      ncdulo_lavacross, layout_rooms, wad_floor_pattern_untrapped
D:2:      layout_loops_cross, amethyst_killhole, minmay_randomly_rotated_circles
D:3:      layout_basic, amcnicky_altar_gilded, mainiacjoe_overflow_paths,
          serial_shops, shop
D:4:      layout_loops_ring

Skill      XL: |  1  2  3 |
---------------+----------+-----
Dodging        | 2 |  2.5
Axes           | 3 |  3.3
Armour         | 1 |  1.4
Fighting       | |  2.7
Spellcasting   | |  2.7
Conjurations   | |  3.7
Ice Magic      | |  0.3

Action                     |  1- 3 |  4- 6 || total
---------------------------+-------+-------++-------
  Melee: Hand axe          |   156 |    85 ||   241
         Punch             |     1 |       ||     1
         Kick              |     5 |     5 ||    10
    Use: Scroll            |     7 |       ||     7
         Potion            |     4 |     5 ||     9
   Stab: Sleeping          |       |     1 ||     1
 Armour: Leather armour    |    68 |    23 ||    91
         Skin              |     1 |       ||     1
  Dodge: Dodged            |   109 |    66 ||   175

Table legend: (Time is in decaauts)
 A = Elapsed time spent in this place.
 B = Non-inter-level travel time spent in this place.
 C = Inter-level travel time spent in this place.
 D = Time resting spent in this place.
 E = Time spent auto-exploring this place.
 F = Levels seen in this place.
 G = Mean time per level.
                   A        B        C        D        E       F      G
               +--------+--------+--------+--------+--------+-----+--------+
         Total |   3127 |   2971 |    156 |     34 |   2318 |   4 |  781.8 |
       Dungeon |   3127 |   2971 |    156 |     34 |   2318 |   4 |  781.8 |
               +--------+--------+--------+--------+--------+-----+--------+

Top non-repeatable levels by time:
     D:2: 965 daAuts
     D:3: 959 daAuts
     D:1: 636 daAuts
     D:4: 566 daAuts
